[Event "56th Biel Festival MTO 2023"]
[White "Collin,Moritz Valentin"]
[Black "Asllani,Dorian"]
[Site "Biel"]
[Round "6.32"]
[Annotator "ChessBase"]
[Result "1/2-1/2"]
[Date "2023.07.24"]
[WhiteElo "2132"]
[BlackElo "2272"]
[PlyCount "83"]
[TimeControl "60"]

1. d4 d5 2. c4 e6 3. Nc3 Nf6 4. cxd5 exd5 5. Bg5 Nbd7 6. e3 c6 7. Bd3 Be7 8. Qc2 O-O 9. Nge2 Re8 10. O-O h6 11. Bh4 Ne4 12. Bxe7 Qxe7 13. Bxe4 dxe4 14. Rfd1 f5 15. Nf4 Qf7 16. Qb3 Nb6 17. Qxf7+ Kxf7 18. d5 Bd7 19. dxc6 Bxc6 20. Rd4 Re5 21. b4 a5 22. h4 axb4 23. Rxb4 Nd7 24. h5 Rea5 25. Rd1 Rc5 26. Nce2 Nf6 27. Nd4 Nd5 28. Nxd5 Rxd5 29. Rd2 Kf6 30. Rc2 Ra6 31. g3 Rda5 32. Nxc6 Rxc6 33. Rcb2 Rca6 34. Rb6+ Rxb6 35. Rxb6+ Kg5 36. Rxb7 Rxa2 37. Rxg7+ Kxh5 38. Kg2 Rb2 39. Rg8 Ra2 40. Kg1 Rb2 41. Kg2 Ra2 42. Rg7 1/2-1/2

[Event "56th Biel Festival MTO 2023"]
[White "Abdulrahman Mohammad,Al Taher"]
[Black "Ehsani,Yassamin"]
[Site "Biel"]
[Round "6.33"]
[Annotator "ChessBase"]
[Result "1/2-1/2"]
[Date "2023.07.24"]
[WhiteElo "2258"]
[BlackElo "2106"]
[PlyCount "80"]
[TimeControl "60"]

1. d4 d5 2. c4 c6 3. Nc3 Nf6 4. e3 Bf5 5. cxd5 cxd5 6. Qb3 Nc6 7. Qxb7 Bd7 8. Qb3 Rb8 9. Qd1 e5 10. dxe5 Nxe5 11. Be2 Bd6 12. Nf3 Nxf3+ 13. Bxf3 Qc7 14. h3 O-O 15. O-O Rfd8 16. a4 Bc6 17. Qd3 Bh2+ 18. Kh1 Be5 19. Nb5 Qd7 20. Rd1 h6 21. Ra2 a6 22. Nd4 Bxa4 23. b3 Bb5 24. Nxb5 Qxb5 25. Rxa6 Qxd3 26. Rxd3 Ne4 27. Ra2 Rdc8 28. Ba3 Ra8 29. Rxd5 Rxa3 30. Rxa3 Rc1+ 31. Bd1 Rxd1+ 32. Rxd1 Nxf2+ 33. Kg1 Nxd1 34. Ra8+ Kh7 35. b4 Nxe3 36. Kf2 Nd5 37. b5 Nc3 38. Rd8 Bc7 39. Rd7 Nxb5 40. Rxf7 Bd6 1/2-1/2

[Event "56th Biel Festival MTO 2023"]
[White "Akshit Kumar J"]
[Black "Gomez Barrera,Javiera Belen"]
[Site "Biel"]
[Round "6.34"]
[Annotator "ChessBase"]
[Result "1/2-1/2"]
[Date "2023.07.24"]
[WhiteElo "2105"]
[BlackElo "2256"]
[PlyCount "124"]
[TimeControl "60"]

1. e4 e5 2. Nf3 Nc6 3. Bc4 Bc5 4. c3 Nf6 5. d3 O-O 6. O-O d5 7. exd5 Nxd5 8. a4 Nb6 9. Bb5 Ne7 10. Nxe5 a6 11. Bc4 Bd6 12. a5 Bxe5 13. axb6 cxb6 14. Re1 Ng6 15. d4 Bxh2+ 16. Kxh2 Qc7+ 17. g3 Qxc4 18. Qh5 Bd7 19. Nd2 Qd3 20. Qf3 Qxf3 21. Nxf3 f6 22. Nh4 Nxh4 23. gxh4 Rfe8 24. Bd2 Kf7 25. Kg3 Be6 26. Re2 Bc4 27. Rxe8 Rxe8 28. Re1 Rd8 29. Bf4 Rd7 30. Bb8 Be6 31. Rd1 b5 32. Bf4 Rd5 33. Be3 Rf5 34. Rf1 Bc4 35. Rg1 Bd5 36. Kg4 Rf3 37. Rg3 f5+ 38. Kh3 Ke6 39. Rxf3 Bxf3 40. Kg3 Be4 41. Bf4 Kd5 42. f3 Bc2 43. Be5 g6 44. Kf4 Bd1 45. Ke3 Kc4 46. f4 Bc2 47. Kd2 Bb3 48. Bd6 Kd5 49. Be7 Ke4 50. Bg5 a5 51. Bh6 b4 52. cxb4 axb4 53. Bg5 Kxd4 54. Bh6 Bc4 55. Bg5 Ke4 56. Bh6 Kf3 57. Bg5 b6 58. Bh6 Kg4 59. Bg5 Kh5 60. Be7 h6 61. Bf8 Kxh4 62. Bxh6 Kg4 1/2-1/2

[Event "56th Biel Festival MTO 2023"]
[White "Joly,Julien"]
[Black "Adam,Rafael"]
[Site "Biel"]
[Round "6.35"]
[Annotator "ChessBase"]
[Result "1-0"]
[Date "2023.07.24"]
[WhiteElo "2249"]
[BlackElo "2117"]
[PlyCount "121"]
[TimeControl "60"]

1. d4 Nf6 2. Nf3 d5 3. Bf4 c5 4. e3 Nc6 5. dxc5 Qa5+ 6. Nbd2 Qxc5 7. c4 Bf5 8. a3 dxc4 9. Nxc4 Qd5 10. Qb3 b5 11. Ncd2 a6 12. a4 Qxb3 13. Nxb3 bxa4 14. Rxa4 Bc2 15. Rc4 Bxb3 16. Rxc6 e6 17. Nd2 Bb4 18. Rb6 Bxd2+ 19. Kxd2 Bd5 20. f3 O-O 21. e4 Rfd8 22. Ke3 a5 23. Bg5 Ba2 24. Bd3 Rdb8 25. Rxb8+ Rxb8 26. Rc1 a4 27. Bf4 Ra8 28. Bd6 Ne8 29. Ba3 f6 30. Rc6 Kf7 31. Kd2 e5 32. Kc3 Ra7 33. Bc5 Rb7 34. Rb6 Rc7 35. Kb4 Bb3 36. Bb5 g6 37. Bc4+ Bxc4 38. Kxc4 Ng7 39. Ra6 Ne6 40. Ra7 Rxa7 41. Bxa7 f5 42. Be3 Kf6 43. Kb4 fxe4 44. fxe4 Nf4 45. Kxa4 Nxg2 46. Bd2 Nf4 47. b4 Nd3 48. Be3 Ke6 49. b5 Kd6 50. Ka5 Kc7 51. Ka6 Kb8 52. Kb6 Nb2 53. Kc6 Nc4 54. Bc5 g5 55. Kd5 Nd2 56. Kxe5 g4 57. Kf5 h5 58. e5 Nf3 59. e6 Kc7 60. b6+ Kc8 61. b7+ 1-0

[Event "56th Biel Festival MTO 2023"]
[White "Matsumura,Cocoro"]
[Black "Ermitsch,Magnus"]
[Site "Biel"]
[Round "6.37"]
[Annotator "ChessBase"]
[Result "0-1"]
[Date "2023.07.24"]
[WhiteElo "2081"]
[BlackElo "2232"]
[PlyCount "64"]
[TimeControl "60"]

1. e4 c5 2. Nf3 e6 3. d4 cxd4 4. Nxd4 Nc6 5. Nc3 Qc7 6. Be3 a6 7. a3 Nf6 8. f4 d5 9. exd5 exd5 10. Qd2 Bd6 11. O-O-O O-O 12. Be2 Re8 13. Rhf1 Ne4 14. Nxe4 Rxe4 15. Nxc6 bxc6 16. Bd3 Ra4 17. c4 Bg4 18. Rde1 dxc4 19. Bxh7+ Kh8 20. Bb1 Rxa3 21. Qc2 Rd3 22. Qxc4 Rd5 23. f5 Be5 24. Qxg4 Bxb2+ 25. Kc2 Qa5 26. Qc4 Bf6 27. Ba2 Re8 28. Qb3 Rxe3 29. Rxe3 Qd2+ 30. Kb1 Rb5 31. Rh3+ Kg8 32. Rh1 Qxg2 0-1

[Event "56th Biel Festival MTO 2023"]
[White "Urh,Zala"]
[Black "Rotunno,Flavio"]
[Site "Biel"]
[Round "6.38"]
[Annotator "ChessBase"]
[Result "1-0"]
[Date "2023.07.24"]
[WhiteElo "2231"]
[BlackElo "2005"]
[PlyCount "42"]
[TimeControl "60"]

1. d4 Nf6 2. c4 e6 3. Nf3 b6 4. g3 Bb4+ 5. Bd2 c5 6. Bxb4 cxb4 7. Bg2 Bb7 8. O-O a5 9. Qd3 O-O 10. Nbd2 d6 11. e4 e5 12. d5 Qc7 13. Nh4 Nbd7 14. Kh1 Rfe8 15. Nf5 Nc5 16. Qe3 h6 17. f4 Bc8 18. Nh4 Ba6 19. f5 Qe7 20. Qf2 Rab8 21. Nhf3 Rec8 1-0

[Event "56th Biel Festival MTO 2023"]
[White "Coles,Robin"]
[Black "Adocchio,Giampiero"]
[Site "Biel"]
[Round "6.39"]
[Annotator "ChessBase"]
[Result "0-1"]
[Date "2023.07.24"]
[WhiteElo "2070"]
[BlackElo "2165"]
[PlyCount "90"]
[TimeControl "60"]

1. e4 e6 2. d4 d5 3. Nd2 c5 4. Ngf3 cxd4 5. Nxd4 Nc6 6. Bb5 Bd7 7. Nxc6 bxc6 8. Bd3 Bd6 9. Qe2 e5 10. exd5 cxd5 11. c4 Ne7 12. cxd5 Nxd5 13. Be4 Nf4 14. Qa6 Bc5 15. O-O Rb8 16. Nb3 Bb6 17. Bxf4 exf4 18. Rad1 O-O 19. Bxh7+ Kxh7 20. Qd3+ Kg8 21. Qxd7 Qf6 22. Qg4 Qxb2 23. Rd2 Qf6 24. Rd5 g6 25. Rd3 Rbc8 26. Qf3 Rc2 27. a4 Re8 28. Rd2 Rxd2 29. Nxd2 Qd4 30. a5 Qxd2 31. axb6 axb6 32. g3 fxg3 33. hxg3 Re1 34. Qb3 Rxf1+ 35. Kxf1 Qc1+ 36. Ke2 Qc5 37. f4 Qd4 38. Kf3 Qc5 39. Ke4 b5 40. Kd3 Qf2 41. Ke4 Qe2+ 42. Kd4 Kg7 43. Kc5 Kf6 44. g4 Qf2+ 45. Kxb5 Qxf4 0-1

[Event "56th Biel Festival MTO 2023"]
[White "Wang,Chuqiao"]
[Black "Prieb,Robert"]
[Site "Biel"]
[Round "6.40"]
[Annotator "ChessBase"]
[Result "1-0"]
[Date "2023.07.24"]
[WhiteElo "2161"]
[BlackElo "2060"]
[PlyCount "139"]
[TimeControl "60"]

1. d4 Nf6 2. c4 g6 3. Nc3 d5 4. cxd5 Nxd5 5. Bd2 Bg7 6. e4 Nb6 7. Be3 O-O 8. h3 e5 9. d5 c6 10. Qb3 cxd5 11. Bxb6 Qxb6 12. Qxb6 axb6 13. Nxd5 Be6 14. Bc4 Nc6 15. a3 b5 16. Ba2 Bxd5 17. Bxd5 Nb4 18. O-O-O Nxd5 19. Rxd5 Rfc8+ 20. Kb1 b4 21. axb4 Rc4 22. f3 Rxb4 23. Ne2 Rba4 24. Rhd1 Ra1+ 25. Kc2 Rxd1 26. Rxd1 f5 27. Nc3 Rf8 28. Kb3 Bh6 29. Rd5 Bf4 30. Kc4 Rf7 31. Kd3 Kg7 32. Ne2 Kf6 33. g3 Bh6 34. Rd6+ Ke7 35. Rb6 Kd8 36. exf5 Rxf5 37. Ke4 Kc7 38. Re6 Kd7 39. Rb6 Kc7 40. Rb3 Bg7 41. Nc3 Rf7 42. Nd5+ Kd6 43. Rb5 Kc6 44. Rb3 Rd7 45. Rc3+ Kd6 46. Nb6 Rf7 47. Rc8 Ke6 48. b3 Re7 49. b4 h6 50. Rc5 g5 51. Rc8 Kf7 52. Rd8 Ke6 53. Na4 Kf7 54. Nc5 Bf8 55. Kf5 Bg7 56. Rb8 e4 57. fxe4 Be5 58. Rxb7 Rxb7 59. Nxb7 Bxg3 60. e5 h5 61. Nd6+ Ke7 62. Ne4 Be1 63. Nxg5 Bxb4 64. Nh7 Ba5 65. Nf6 h4 66. Nd5+ Kf7 67. e6+ Ke8 68. Kf6 Bd8+ 69. e7 Bb6 70. Ke6 1-0

[Event "56th Biel Festival MTO 2023"]
[White "Kocharin,Timur"]
[Black "Gemelli,Romain"]
[Site "Biel"]
[Round "6.41"]
[Annotator "ChessBase"]
[Result "1/2-1/2"]
[Date "2023.07.24"]
[WhiteElo "2225"]
[BlackElo "2122"]
[PlyCount "69"]
[TimeControl "60"]

1. e4 c5 2. Nf3 Nc6 3. Bb5 d6 4. O-O Bd7 5. Re1 Nf6 6. c3 a6 7. Bf1 Bg4 8. d4 cxd4 9. cxd4 e5 10. d5 Nd4 11. Be3 Be7 12. Bxd4 exd4 13. Nbd2 Nd7 14. Qa4 b5 15. Qxd4 O-O 16. h3 Bxf3 17. Nxf3 Qa5 18. a4 Bf6 19. axb5 Qxa1 20. Rxa1 Bxd4 21. Nxd4 axb5 22. Rxa8 Rxa8 23. Nxb5 Ra6 24. Na3 Rb6 25. Nc4 Rb4 26. Nxd6 Kf8 27. Nc4 Nb6 28. b3 Rxb3 29. Ne3 Ke7 30. g3 g6 31. Kg2 Kd6 32. Be2 Ke5 33. Bf3 h5 34. h4 Rc3 35. Nd1 1/2-1/2

[Event "56th Biel Festival MTO 2023"]
[White "Jaksland,Tim"]
[Black "Matta,Vinay Kumar"]
[Site "Biel"]
[Round "6.42"]
[Annotator "ChessBase"]
[Result "1/2-1/2"]
[Date "2023.07.24"]
[WhiteElo "2136"]
[BlackElo "2111"]
[PlyCount "55"]
[TimeControl "60"]

1. e4 e5 2. Nf3 Nc6 3. d4 exd4 4. Nxd4 Qf6 5. Nxc6 Bc5 6. Qf3 dxc6 7. Nc3 Be6 8. Be3 Bb4 9. O-O-O Bxc3 10. bxc3 Qxc3 11. Bd4 Qxf3 12. gxf3 f6 13. Rg1 Kf7 14. f4 g6 15. f5 gxf5 16. exf5 Bd5 17. Be2 b6 18. Be3 Ke8 19. Bh5+ Bf7 20. Bf3 Ne7 21. Rge1 Rd8 22. Rxd8+ Kxd8 23. Bd4 Re8 24. Bxf6 Kd7 25. Bxe7 Rxe7 26. Bxc6+ Kd6 27. Rxe7 Kxe7 28. a3 1/2-1/2

[Event "56th Biel Festival MTO 2023"]
[White "Erne,Raphael"]
[Black "Misiano,Franco"]
[Site "Biel"]
[Round "6.43"]
[Annotator "ChessBase"]
[Result "1/2-1/2"]
[Date "2023.07.24"]
[WhiteElo "2077"]
[BlackElo "2133"]
[PlyCount "76"]
[TimeControl "60"]

1. c4 e5 2. g3 Nf6 3. Bg2 c6 4. Nf3 e4 5. Nd4 Qb6 6. Nb3 a5 7. d3 a4 8. N3d2 d5 9. cxd5 exd3 10. O-O cxd5 11. exd3 Be7 12. Nc3 Qa5 13. Re1 Nc6 14. b4 axb3 15. Bb2 Qd8 16. Nxb3 O-O 17. Nb5 Bg4 18. Bf3 Bxf3 19. Qxf3 Qd7 20. a4 Qg4 21. Qxg4 Nxg4 22. h3 Nf6 23. N5d4 Bb4 24. Nxc6 bxc6 25. Rec1 Rfc8 26. Bxf6 gxf6 27. d4 Ra6 28. a5 Rb8 29. Ra4 Rb5 30. Nc5 Raxa5 31. Rxa5 Rxa5 32. Nd7 Be7 33. Nb8 Ra4 34. Nxc6 Bd6 35. Rb1 Ra6 36. Nb8 Ra4 37. Nc6 Ra6 38. Nb8 Ra4 1/2-1/2

[Event "56th Biel Festival MTO 2023"]
[White "Jaivardhan Raj"]
[Black "Stijve,Niels"]
[Site "Biel"]
[Round "6.44"]
[Annotator "ChessBase"]
[Result "1/2-1/2"]
[Date "2023.07.24"]
[WhiteElo "2009"]
[BlackElo "2088"]
[PlyCount "91"]
[TimeControl "60"]

1. e4 c5 2. Nf3 e6 3. d4 cxd4 4. Nxd4 a6 5. Bd3 Nf6 6. Qe2 d6 7. O-O Qc7 8. c4 Nbd7 9. Nc3 g6 10. f4 Bg7 11. Nf3 O-O 12. Kh1 b6 13. Bd2 Bb7 14. Rae1 Rad8 15. b4 Rfe8 16. a3 e5 17. fxe5 Nxe5 18. Nxe5 Rxe5 19. Bf4 Re6 20. Bg5 Rde8 21. Qf3 Nxe4 22. Bxe4 Bxc3 23. Qxc3 Rxe4 24. Rxe4 Rxe4 25. Bh6 Re5 26. Qc2 Qe7 27. Qf2 Re2 28. Qd4 f6 29. Rg1 Qd8 30. Be3 Qe7 31. Bf4 Re4 32. Qd2 Rxc4 33. Bxd6 Qd7 34. Rd1 Qc6 35. Qe2 Re4 36. Qf2 Kg7 37. Bg3 Qe6 38. Rd6 Qe7 39. Rxb6 Bd5 40. Rxa6 Rc4 41. h3 Qe4 42. Ra7+ Kg8 43. Rc7 Bc6 44. Rc8+ Kf7 45. Rc7+ Kg8 46. Rc8+ 1/2-1/2

[Event "56th Biel Festival MTO 2023"]
[White "Hornung,Hans"]
[Black "Papaux,Steve"]
[Site "Biel"]
[Round "6.45"]
[Annotator "ChessBase"]
[Result "1-0"]
[Date "2023.07.24"]
[WhiteElo "2047"]
[BlackElo "2064"]
[PlyCount "165"]
[TimeControl "60"]

1. c4 c6 2. e4 d5 3. exd5 cxd5 4. cxd5 Nf6 5. Nc3 Nxd5 6. Nf3 Nc6 7. Bb5 Bg4 8. Qa4 Nxc3 9. Bxc6+ bxc6 10. Qxg4 Nd5 11. O-O e6 12. d4 Nf6 13. Qh3 Qd5 14. Bf4 Ne4 15. Nd2 Qxd4 16. Nxe4 Qxe4 17. Qg3 Qg6 18. Qf3 Rc8 19. Rac1 Be7 20. Rxc6 O-O 21. Rfc1 Rxc6 22. Qxc6 Bf6 23. Qc2 Qg4 24. Be3 h5 25. h3 Qh4 26. b3 a5 27. Qc4 Qxc4 28. Rxc4 Rd8 29. Kf1 Rd5 30. Rc8+ Kh7 31. Ke2 Kg6 32. Rc5 Kf5 33. Rxd5+ exd5 34. Kd3 Bd8 35. Kd4 Ke6 36. Kc5 Ke5 37. Bd4+ Ke4 38. f3+ Kf4 39. Bf2 d4 40. Kc4 Bb6 41. Bxd4 Bd8 42. Bf2 g5 43. Kd3 f5 44. Ke2 h4 45. Be1 Bb6 46. a3 Bd8 47. Bf2 Bc7 48. Be3+ Kg3 49. Bxg5 Bd6 50. Kf1 Bxa3 51. Bd8 Bb4 52. Bc7+ f4 53. Bb6 Kh2 54. Bg1+ Kh1 55. Bd4 Kh2 56. Bf2 Be7 57. Be1 Bd8 58. Bc3 Bb6 59. Be5 Kg3 60. Bf6 Bc7 61. Be7 Bb6 62. Bd6 Bd8 63. Bc5 Kh2 64. Bf2 Kh1 65. Ba7 Bc7 66. Bc5 Kh2 67. Kf2 Bd8 68. Bd6 Bb6+ 69. Kf1 Kg3 70. Bb8 Bd8 71. Ba7 Kh2 72. Bc5 Bc7 73. Bg1+ Kh1 74. Bd4 Kh2 75. Bc5 Bd8 76. Bf2 Kh1 77. Bd4 Kh2 78. Bc5 Bc7 79. Be7 Kg3 80. Kg1 Bb6+ 81. Kh1 Bc7 82. Bc5 Bd8 83. Kg1 1-0

[Event "56th Biel Festival MTO 2023"]
[White "Ozcan,Kaan"]
[Black "Perkampus,Laurin"]
[Site "Biel"]
[Round "6.46"]
[Annotator "ChessBase"]
[Result "1/2-1/2"]
[Date "2023.07.24"]
[WhiteElo "2196"]
[BlackElo "2197"]
[PlyCount "110"]
[TimeControl "60"]

1. e4 c6 2. d4 d5 3. Nd2 dxe4 4. Nxe4 Nf6 5. Nxf6+ exf6 6. c3 Bd6 7. Bd3 O-O 8. Qc2 Re8+ 9. Ne2 h5 10. O-O h4 11. h3 Nd7 12. Bd2 Nf8 13. Rae1 Bc7 14. f4 g6 15. f5 g5 16. Qd1 c5 17. Bb5 Bd7 18. Bc4 Bc6 19. dxc5 b5 20. Nd4 bxc4 21. Nxc6 Qd5 22. Nd4 Qxc5 23. Qg4 Nh7 24. Be3 Qd5 25. Bf2 Kh8 26. Nf3 Rab8 27. Bd4 Bb6 28. Rxe8+ Rxe8 29. Bxb6 Re4 30. Qh5 axb6 31. Nd4 Kg7 32. Rd1 Qc5 33. Kh1 Nf8 34. Qf3 Qe5 35. Qf2 Rf4 36. Qd2 g4 37. Re1 Re4 38. Rxe4 Qxe4 39. hxg4 Qxg4 40. Qe3 Qg5 41. Qxg5+ fxg5 42. Nb5 Nd7 43. Nd6 Ne5 44. Nc8 b5 45. Nd6 Nd3 46. Nxb5 Nxb2 47. Nd6 Kf6 48. g3 hxg3 49. Kg2 Na4 50. Kxg3 Nxc3 51. Kg4 Nxa2 52. Nxc4 Nc3 53. Nd6 Ke7 54. Nxf7 Kxf7 55. Kxg5 Ne4+ 1/2-1/2

[Event "56th Biel Festival MTO 2023"]
[White "Giacomini,Hector"]
[Black "Schnell,Simon"]
[Site "Biel"]
[Round "6.47"]
[Annotator "ChessBase"]
[Result "1/2-1/2"]
[Date "2023.07.25"]
[WhiteElo "2126"]
[BlackElo "2029"]
[PlyCount "167"]
[TimeControl "60"]

1. Nf3 Nf6 2. e3 g6 3. d4 Bg7 4. c4 O-O 5. Be2 d5 6. cxd5 Nxd5 7. e4 Nb6 8. O-O Nc6 9. Be3 f5 10. exf5 Bxf5 11. Nc3 Qd6 12. Qd2 Rad8 13. Rfd1 Qb4 14. Nb5 Nd5 15. a3 Qxd2 16. Bxd2 a6 17. Nc3 Nxc3 18. Bxc3 Be4 19. Ng5 Bd5 20. Bg4 Rd6 21. Re1 Kh8 22. Rad1 Bf6 23. Ne4 Bxe4 24. Rxe4 Rfd8 25. Kf1 b6 26. Be2 a5 27. Rc1 Nxd4 28. Bxd4 Rxd4 29. Rxd4 Rxd4 30. Rxc7 Rd2 31. b3 Ra2 32. Bc4 Bd4 33. Rxe7 Rxf2+ 34. Ke1 Rxg2 35. Re2 Rg1+ 36. Kd2 Bc5 37. a4 Kg7 38. Kd3 h5 39. Ke4 Rg5 40. Kf3 Rf5+ 41. Kg2 Kh6 42. Re6 Rf2+ 43. Kg3 Rd2 44. Re2 Rd4 45. Kf3 Kg5 46. Re4 Rd2 47. Re2 Rd8 48. Rg2+ Kf6 49. Re2 g5 50. h3 Kf5 51. Be6+ Kf6 52. Bc4 Rd6 53. Ba6 Rd1 54. Kg2 Rg1+ 55. Kh2 h4 56. Bc8 Rg3 57. Be6 Bd6 58. Kh1 Be5 59. Bg4 Rxb3 60. Ra2 Rg3 61. Rc2 Bd4 62. Re2 Bc5 63. Re6+ Kf7 64. Re4 Be3 65. Bd7 Bf4 66. Bg4 Kg7 67. Bd7 Rb3 68. Kg2 Rd3 69. Bg4 Rb3 70. Kf2 Kf6 71. Re6+ Kg7 72. Re4 b5 73. axb5 Rxb5 74. Ke2 Rd5 75. Be6 Rd6 76. Bg4 Rd2+ 77. Ke1 Ra2 78. Bd7 Kf6 79. Re6+ Kg7 80. Re4 Bg3+ 81. Kd1 Bf4 82. Ke1 Bg3+ 83. Kd1 Bf4 84. Ke1 1/2-1/2

[Event "56th Biel Festival MTO 2023"]
[White "Bu,Xiangzhi"]
[Black "Nguyen,Ngoc Truong Son"]
[Site "Biel"]
[Round "7.1"]
[Annotator "RC"]
[Result "1-0"]
[Date "2023.07.25"]
[WhiteElo "2676"]
[BlackElo "2645"]
[PlyCount "89"]
[TimeControl "60"]

1. Nf3 d5 2. d4 Nf6 3. c4 e6 4. Nc3 Bb4 5. e3 O-O 6. Bd2 c5 7. a3 Bxc3 8. Bxc3 Ne4 9. Qc2 Nxc3 10. Qxc3 cxd4 11. Nxd4 dxc4 12. Bxc4 Bd7 13. Rd1 Qe7 14. Qb3 b6 15. Bb5 Rc8 16. O-O Bxb5 17. Qxb5 Qb7 18. Rd2 a6 19. Qb3 Nc6 20. Nxc6 Qxc6 21. Rfd1 b5 22. h3 h6 23. Qb4 Rc7 24. Qf4 Rac8 25. Kh2 Kh7 26. Rd6 Qb7 27. b3 Re7 28. Qd4 Qc7 29. Qe4+ f5 30. Qf4 Qc2 31. b4 Rc4 32. Qg3 Rc6 33. Rxc6 Qxc6 34. Rd6 Qc8 35. Qe5 Kg8 36. e4 Qc7 37. exf5 exf5 38. Qd5+ Kh8 39. g3 Qc2 40. Rxh6+ gxh6 41. Qd8+ Kg7 42. Qxe7+ Kg6 43. Qe6+ Kg7 44. Kg2 h5 45. h4 1-0

[Event "56th Biel Festival MTO 2023"]
[White "Pranav Anand"]
[Black "Aryan Chopra"]
[Site "Biel"]
[Round "7.2"]
[Annotator "ChessBase"]
[Result "1/2-1/2"]
[Date "2023.07.26"]
[WhiteElo "2510"]
[BlackElo "2626"]
[PlyCount "161"]
[TimeControl "60"]

1. d4 Nf6 2. c4 e6 3. g3 c5 4. d5 exd5 5. cxd5 d6 6. Nc3 g6 7. Bg2 Bg7 8. Nf3 O-O 9. O-O Re8 10. Bf4 Bf5 11. a4 Ne4 12. Nd2 Nxc3 13. bxc3 g5 14. e4 gxf4 15. exf5 Bxc3 16. Ra3 Bxd2 17. Qxd2 Qg5 18. h4 Qxf5 19. Rf3 Nd7 20. Rxf4 Qg6 21. Qd1 Ne5 22. Re1 Qg7 23. h5 h6 24. Be4 b6 25. Kg2 a6 26. Bd3 Kh8 27. Rh1 Rg8 28. Rhh4 b5 29. axb5 axb5 30. Bxb5 Ra3 31. Qe1 Rb8 32. Qc1 Rb3 33. Bc4 Rb1 34. Qd2 Ra1 35. Bd3 Rba8 36. Rf5 R1a2 37. Bc2 Rb2 38. Qc1 Rba2 39. Rhf4 c4 40. Qb1 R2a5 41. Rf6 Qf8 42. Qc1 Ra1 43. Qd2 c3 44. Qxc3 Qc8 45. Qxc8+ Rxc8 46. Be4 Rcc1 47. Kh2 Kg7 48. Rxd6 Rc4 49. Kh3 Re1 50. Bg2 Rxf4 51. gxf4 Nd3 52. Kg3 Rg1 53. Kh2 Rd1 54. f5 f6 55. Kg3 Rg1 56. Re6 Ne1 57. d6 Kf7 58. Re7+ Kf8 59. Re4 Kf7 60. Re7+ Kf8 61. Re4 Kf7 62. d7 Rxg2+ 63. Kh3 Rg8 64. Rxe1 Rd8 65. Rd1 Ke7 66. Rg1 Kf7 67. Rg6 Rxd7 68. Rxh6 Rd1 69. Kg2 Rd5 70. Kg3 Rxf5 71. f4 Ra5 72. Kg4 Kg7 73. Rg6+ Kf7 74. Kh4 Ra4 75. Kg3 Ra5 76. Kg4 Ra1 77. f5 Rg1+ 78. Kf4 Rf1+ 79. Kg4 Rg1+ 80. Kf4 Rf1+ 81. Kg4 1/2-1/2

[Event "56th Biel Festival MTO 2023"]
[White "Samant Aditya S"]
[Black "Yuffa,Daniil"]
[Site "Biel"]
[Round "7.3"]
[Annotator "ChessBase"]
[Result "1-0"]
[Date "2023.07.25"]
[WhiteElo "2510"]
[BlackElo "2603"]
[PlyCount "77"]
[TimeControl "60"]

1. e4 c5 2. Nf3 d6 3. d4 cxd4 4. Nxd4 Nf6 5. Nc3 a6 6. h3 e6 7. g4 h6 8. Bg2 Be7 9. Be3 Nc6 10. f4 Bd7 11. Qe2 b5 12. O-O-O Nxd4 13. Bxd4 b4 14. e5 bxc3 15. Bxa8 Qxa8 16. exf6 cxb2+ 17. Bxb2 gxf6 18. Qe3 Ba4 19. Rh2 Kd7 20. g5 hxg5 21. fxg5 Rc8 22. Bxf6 Qc6 23. Bxe7 Kxe7 24. Rdd2 Rb8 25. Qa7+ Rb7 26. Qd4 e5 27. Rhe2 Rb5 28. Qa7+ Kf8 29. g6 Rb7 30. g7+ Kxg7 31. Rg2+ Kf8 32. Qe3 Ke8 33. Qh6 Kd7 34. Qf6 Kc7 35. Qxf7+ Kb6 36. Qf6 d5 37. Qxe5 Rf7 38. Qd4+ Kb7 39. Rg7 1-0

[Event "56th Biel Festival MTO 2023"]
[White "Deuer,Marius"]
[Black "Albornoz Cabrera,Carlos Daniel"]
[Site "Biel"]
[Round "7.4"]
[Annotator "ChessBase"]
[Result "1/2-1/2"]
[Date "2023.07.25"]
[WhiteElo "2374"]
[BlackElo "2591"]
[PlyCount "67"]
[TimeControl "60"]

1. d4 Nf6 2. c4 e6 3. Nf3 d5 4. g3 dxc4 5. Bg2 a6 6. O-O Nc6 7. e3 Rb8 8. Nfd2 e5 9. Bxc6+ bxc6 10. dxe5 Ng4 11. Nf3 Qxd1 12. Rxd1 Rb5 13. Rd4 Nxe5 14. Nxe5 Rxe5 15. Rxc4 h5 16. e4 Rc5 17. Nd2 h4 18. Rxc5 Bxc5 19. Nc4 Be6 20. Be3 Rh5 21. Bxc5 Rxc5 22. Ne3 hxg3 23. hxg3 Rb5 24. Rc1 Rxb2 25. Rxc6 Kd7 26. Rxa6 Rxa2 27. Rxa2 Bxa2 28. Kf1 Kc6 29. Ke2 Kc5 30. Kd2 Kd4 31. f3 Be6 32. Nc2+ Kc4 33. Ne3+ Kb3 34. f4 1/2-1/2

[Event "56th Biel Festival MTO 2023"]
[White "Liu,Yan"]
[Black "Vantika Agrawal"]
[Site "Biel"]
[Round "7.5"]
[Annotator "ChessBase"]
[Result "1-0"]
[Date "2023.07.25"]
[WhiteElo "2542"]
[BlackElo "2428"]
[PlyCount "103"]
[TimeControl "60"]

1. c4 Nf6 2. Nf3 g6 3. g3 Bg7 4. Bg2 O-O 5. d4 d6 6. O-O c5 7. dxc5 dxc5 8. Ne5 Qd4 9. Nd3 Qxc4 10. Na3 Qg4 11. h3 Qh5 12. g4 Bxg4 13. hxg4 Nxg4 14. Bf4 Nc6 15. Rc1 g5 16. Rxc5 f5 17. Bg3 Rad8 18. e3 Qf7 19. Qe2 Qe6 20. Nb5 Nd4 21. Nxd4 Bxd4 22. Rc2 Bb6 23. Nc5 Bxc5 24. Rxc5 b6 25. Qc4 Qxc4 26. Rxc4 Rd2 27. Bf3 h5 28. Rd1 Rfd8 29. Rxd2 Rxd2 30. Rc7 Kf7 31. Rxa7 h4 32. Bxg4 fxg4 33. Bc7 Rxb2 34. Ra4 g3 35. fxg3 h3 36. a3 b5 37. Re4 Ra2 38. g4 Rxa3 39. Kh2 Ra4 40. Re5 Rxg4 41. Kxh3 Rc4 42. Bb6 b4 43. Bd4 Ke8 44. Kg4 Kd7 45. Rc5 Rxc5 46. Bxc5 b3 47. Bd4 Kc6 48. e4 Kb5 49. Kxg5 Kc4 50. Ba1 Kd3 51. e5 Ke4 52. Kg6 1-0

[Event "56th Biel Festival MTO 2023"]
[White "Peng,Xiongjian"]
[Black "Rodrigue-Lemieux,Shawn"]
[Site "Biel"]
[Round "7.6"]
[Annotator "ChessBase"]
[Result "1-0"]
[Date "2023.07.25"]
[WhiteElo "2489"]
[BlackElo "2495"]
[PlyCount "33"]
[TimeControl "60"]

1. c4 e6 2. Nc3 Bb4 3. e4 c5 4. Nb5 d6 5. a3 Ba5 6. b4 cxb4 7. axb4 Bxb4 8. Qa4 Nc6 9. Ba3 Bxa3 10. Qxa3 Ke7 11. Nf3 Nf6 12. e5 Ne8 13. exd6+ Nxd6 14. Ng5 f5 15. h4 a5 16. Rb1 Rb8 17. Rh3 1-0

[Event "56th Biel Festival MTO 2023"]
[White "Sanchez Alvarez,Roberto Carlos"]
[Black "Meshkovs,Nikita"]
[Site "Biel"]
[Round "7.7"]
[Annotator "ChessBase"]
[Result "1/2-1/2"]
[Date "2023.07.25"]
[WhiteElo "2444"]
[BlackElo "2565"]
[PlyCount "42"]
[TimeControl "60"]

1. d4 Nf6 2. c4 e6 3. Nf3 d5 4. Nc3 dxc4 5. e3 a6 6. a4 b6 7. Bxc4 Bb7 8. O-O Bb4 9. Qe2 O-O 10. Rd1 Nbd7 11. Na2 Bd6 12. Nc3 Bb4 13. Na2 Bd6 14. Nc3 c5 15. e4 cxd4 16. Nxd4 Qc7 17. g3 Bb4 18. f3 Ne5 19. Bb3 Bxc3 20. bxc3 Qxc3 21. Bb2 Qa5 1/2-1/2

[Event "56th Biel Festival MTO 2023"]
[White "Dotzer,Lukas"]
[Black "Quesada Perez,Luis Ernesto"]
[Site "Biel"]
[Round "7.8"]
[Annotator "ChessBase"]
[Result "0-1"]
[Date "2023.07.25"]
[WhiteElo "2369"]
[BlackElo "2553"]
[PlyCount "74"]
[TimeControl "60"]

1. e4 c5 2. Nf3 d6 3. d4 cxd4 4. Nxd4 Nf6 5. Nc3 a6 6. Bg5 Nbd7 7. Qe2 h6 8. Bh4 g6 9. f4 e5 10. fxe5 dxe5 11. O-O-O Qc7 12. Nb3 b5 13. Rxd7 Nxd7 14. Nd5 Qb8 15. Qd2 Bb7 16. Na5 g5 17. Bf2 Bg7 18. Be2 Bxd5 19. Qxd5 Nf6 20. Qc6+ Kf8 21. Rf1 Qc8 22. Bc5+ Kg8 23. Qd6 Nxe4 24. Qd5 Nf6 25. Qf3 e4 26. Qf2 h5 27. Bd4 Rh6 28. Qe3 Rg6 29. Qb3 Qc7 30. Bc3 Ng4 31. Bxg7 Kxg7 32. h3 Rf6 33. Rd1 Nf2 34. Rf1 Nd3+ 35. Kb1 Rxf1+ 36. Bxf1 Qxa5 37. c3 Qa4 0-1

[Event "56th Biel Festival MTO 2023"]
[White "Samadov,Read"]
[Black "Huang,Renjie"]
[Site "Biel"]
[Round "7.9"]
[Annotator "ChessBase"]
[Result "1/2-1/2"]
[Date "2023.07.25"]
[WhiteElo "2482"]
[BlackElo "2445"]
[PlyCount "58"]
[TimeControl "60"]

1. d4 Nf6 2. c4 e6 3. Nf3 d5 4. g3 dxc4 5. Bg2 Bb4+ 6. Bd2 a5 7. O-O O-O 8. e3 Nbd7 9. Qc2 c5 10. a3 Bxd2 11. Nbxd2 b5 12. a4 bxa4 13. Nxc4 Ba6 14. Rfc1 Rc8 15. Nd6 Rc6 16. Nxf7 Rxf7 17. Ng5 Rc8 18. Nxf7 Kxf7 19. Qxa4 cxd4 20. Qxd4 Rxc1+ 21. Rxc1 Qb8 22. Ra1 Qb5 23. Qc3 a4 24. Qd4 Bb7 25. Qxa4 Qxb2 26. Qa2 Qxa2 27. Rxa2 Bxg2 28. Kxg2 e5 29. Ra7 g5 1/2-1/2